 Dungeon Crawl Stone Soup version 0.29-a0-902-g0f71de6fce (webtiles) character file.

Game seed: 18043009990692789627

41948 Persimmons the Cruncher (level 14, -3/118 HPs)
             Began as a Formicid Cinder Acolyte on Sept 22, 2021.
             Was a High Priest of Ignis.
             Slain by a blink frog (11 damage)
             ... on level 4 of the Lair of Beasts on Feb 28, 2023.
             The game lasted 01:08:28 (21758 turns).

Persimmons the Cruncher (Formicid Cinder Acolyte)  Turns: 21758, Time: 01:08:28

Health: -3/118     AC: 15    Str: 23    XL:     14   Next: 52%
Magic:  22/22      EV: 15    Int: 16    God:    Ignis [*****.]
Gold:   759        SH:  5    Dex:  7    Spells: 20/24 levels left

rFire   + + .      SeeInvis +   a - +2 lajatang (speed)
rCold   + . .      Faith    .   l - +1 buckler
rNeg    . . .      Spirit   .   L - +2 ring mail {rC+}
rPois   .          Reflect  .   (helmet unavailable)
rElec   .          Harm     .   E - +1 cloak
rCorr   +          Rampage  .   v - +0 pair of gloves
Will    ++...                   n - +2 pair of boots
Stlth   +.........              j - amulet of regeneration
HPRegen 1.09/turn               A - +4 ring of evasion
MPRegen 0.18/turn               y - ring "Vire" {rF+ Will+ rCorr Str+2 Stlth-}

@: studying Staves
A: permanent stasis, dig shafts and tunnels, antennae 3, four strong arms
a: Dig, Shaft Self, Renounce Religion, Fiery Armour, Foxfire Swarm, Rising Flame


You were on level 4 of the Lair of Beasts.
You worshipped Ignis.
Ignis was extremely pleased with you.
You visited 2 branches of the dungeon, and saw 16 of its levels.
You also visited: Ossuary and Volcano.

You collected 1119 gold pieces.
You spent 360 gold pieces at shops.

Inventory:

Hand Weapons
 a - a +2 lajatang of speed (weapon)
 N - a +1 glaive of flaming
 T - a +0 hand crossbow of flaming
Missiles
 c - 11 atropa-tipped darts
 d - 11 curare-tipped darts
 f - 135 bolts
 k - 8 boomerangs of dispersal
 x - 141 poisoned darts (quivered)
 z - 2 throwing nets
Armour
 b - a +0 cloak of fire resistance
 l - a +1 buckler (worn)
 n - a +2 pair of boots (worn)
 v - a +0 pair of gloves (worn)
 E - a +1 cloak (worn)
 L - a +2 ring mail of cold resistance (worn)
 P - a +0 buckler of fire resistance
Jewellery
 j - an amulet of regeneration (around neck)
 o - a ring of protection from fire
 p - a ring of positive energy
 y - the ring "Vire" (right hand) {rF+ Will+ rCorr Str+2 Stlth-}
   (You found it on level 5 of the Dungeon)

   [ring of resist corrosion]

   Str:       It affects your strength (+2).
   rF:        It protects you from fire.
   rCorr:     It protects you from acid and corrosion.
   Will:      It increases your willpower.
   Stlth:     It makes you less stealthy.
 A - a +4 ring of evasion (left hand)
 D - a ring of wizardry
 Q - a ring of protection from cold
 Y - a ring of flight
Wands
 g - a wand of mindburst (15)
 B - a wand of digging (4)
 H - a wand of flame (36)
 S - a wand of acid (13)
Scrolls
 e - a scroll of magic mapping
 i - 4 scrolls of amnesia
 q - 4 scrolls of vulnerability
 r - 5 scrolls of enchant armour
 F - 6 scrolls of identify
 I - a scroll of fear
 J - 2 scrolls of summoning
 X - a scroll of silence
 Z - 3 scrolls of fog
Potions
 h - 7 potions of heal wounds
 m - 9 potions of might
 u - 13 potions of curing
 w - 3 potions of magic
 C - 4 potions of brilliance
 G - 3 potions of mutation
 K - 6 potions of flight
 M - 4 potions of ambrosia
Miscellaneous
 s - a phantom mirror
 t - a lightning rod (4/4)
 W - a box of beasts


   Skills:
 + Level 13.5 Fighting
 - Level 3.3(10.3) Polearms
 + Level 14.9(15.1) Staves
 * Level 4.4 Ranged Weapons
 + Level 2.5 Throwing
 * Level 7.5 Armour
 + Level 5.9 Dodging
 * Level 6.0 Stealth
 - Level 4.3 Shields
 * Level 5.9 Spellcasting
 - Level 2.8 Summonings
 - Level 2.0 Necromancy
 - Level 3.3 Fire Magic
 * Level 6.1 Evocations


You had 20 spell levels left.
You knew the following spells:

 Your Spells              Type           Power      Damage    Failure   Level
a - Scorch                Fire           30%        2d7       10%         2
b - Animate Skeleton      Necr           22%        N/A       11%         1
c - Summon Small Mammal   Summ           52%        N/A       8%          1

Your spell library contained the following spells:

 Spells                   Type           Power      Damage    Failure   Level
 Pain                     Necr           44%        1d6       11%         1
 Call Canine Familiar     Summ           13%        N/A       22%         3
 Shock                    Conj/Air       16%        1d4       26%         1
 Vampiric Draining        Necr           11%        2d6       32%         3
 Summon Guardian Golem    Hex/Summ       9%         N/A       38%         3
 Airstrike                Air            2%         0-2+      94%         4
 Leda's Liquefaction      Hex/Erth       2%         N/A       94%         4
 Petrify                  Tmut/Erth      4%         N/A       94%         4
 Iskenderun's Battlesphe  Conj           4%         2d6       100%        5
 Lee's Rapid Deconstruct  Erth           2%         3d5*      100%        5
 Metabolic Englaciation   Hex/Ice        2%         N/A       100%        5
 Iron Shot                Conj/Erth      2%         9d2       100%        6
 Statue Form              Tmut/Erth      2%         N/A       100%        6
 Spellforged Servitor     Conj/Summ      4%         N/A       100%        7
 Swiftness                Air            Unusable   N/A       N/A         3

Dungeon Overview and Level Annotations

Branches:
Dungeon (11/15)            Temple (0/1) D:5            Lair (5/6) D:11
  Swamp (0/4) Lair:3       Spider (0/4) Lair:2          Orc (0/2) D:9
Ossuary (visited)         Volcano (visited)
  Slime: Lair:4-5

Altars:
Cheibriados
Dithmenos
Fedhas
Gozag
Hepliaklqana
Nemelex Xobeh
Qazlal
Ru
Yredelemnul

Shops:
D:5 ?[*   D:7 [:

Portals:
Trove: D:11 (give 5 scrolls of fog)


Innate Abilities, Weirdness & Mutations

You cannot be hasted, slowed, berserked, paralysed or teleported.
You can dig through walls and to a lower floor.
You have a pair of large antennae on your head. (SInv)
Your four strong arms can wield two-handed weapons with a shield.


Message History

The blink frog closely misses you. The blink frog hits you.
* * * LOW HITPOINT WARNING * * *
The blink frog blinks!
You block the blink frog's attack. The blink frog misses you.
The blink frog hits you.
* * * LOW HITPOINT WARNING * * *
The blink frog blinks!
The blink frog hits you.
* * * LOW HITPOINT WARNING * * *
The blink frog misses you.
The blink frog closely misses you. x2; The blink frog barely misses you.
The blink frog closely misses you. The blink frog hits you.
* * * LOW HITPOINT WARNING * * *
The blink frog blinks!
The blink frog closely misses you. The blink frog closely misses you.
The blink frog hits you!
* * * LOW HITPOINT WARNING * * *
You block the blink frog's attack. The blink frog hits you.
* * * LOW HITPOINT WARNING * * *
The blink frog blinks!
The blink frog hits you.
* * * LOW HITPOINT WARNING * * *
The blink frog blinks!
The blink frog blinks!
The blink frog blinks!
The blink frog hits you!
* * * LOW HITPOINT WARNING * * *
The blink frog barely misses you. The blink frog hits you.
* * * LOW HITPOINT WARNING * * *
The blink frog closely misses you. The blink frog barely misses you.
The blink frog closely misses you. You block the blink frog's attack.
The blink frog blinks!
The blink frog hits you but does no damage.
You block the blink frog's attack. The blink frog hits you!
Bones file is buggy: /crawl-master/crawl-git/saves/bones/bones.store.Lair-4 Clearing bad bones file: /crawl-master/crawl-git/saves/bones/bones.store.Lair-4 You die...

######(......# ##..............P#
#........####.............###
##........#................##
#........##............#...#
##........#..............#..#
#P......P...####......#.##.##
##......#..#####.#..#.####...
#P....##...F#÷######### #...
##...###..#.@### ##...
#...###..##§F..#### ##....
#..#..P..#........# ##.....
#.###.............## #......
#######.#..P..........)# #......
#...#.#....#P..........## #......
...........###..........####.....
..........#######....#..P# #.....
#####......#.# ####.##.## ##....


You could see 2 blink frogs.

Vanquished Creatures
  Josephine (Lair:4)
  Erolcha (D:9)
  2 hydras
  A two-headed ogre (D:9)
  A boulder beetle (Lair:2)
  3 centaur warriors
  2 tengu warriors
  4 death yaks
  Nergalle (Lair:4)
  Sonja (Lair:1)
  An orc sorcerer (Volcano)
  2 ugly things
  2 cyclopes
  A molten gargoyle (Volcano)
  A torpor snail (Lair:4)
  7 cane toads
  2 black mambas
  2 gargoyles
  Joseph (D:7)
  A smoke demon (Volcano)
  Maggie (D:7)
  A kobold demonologist (D:9)
  A komodo dragon (Lair:1)
  2 red devils (Volcano)
  6 trolls
  5 polar bears (Lair:3)
  A hornet (D:10)
  5 dream sheep
  16 blink frogs
  2 slime creatures (D:5)
  Grinder (D:4)
  Sigmund (D:2)
  A shadow (D:9)
  3 wyverns
  2 fire bats (Volcano)
  5 wraiths
  3 basilisks
  26 yaks
  4 steam dragons
  A vampire mosquito (D:7)
  11 water moccasins
  Duvessa (D:7)
  A hell hound (Volcano)
  A swamp drake (Lair:3)
  4 black bears
  4 sky beasts
  2 ice beasts
  5 orc warriors
  2 necrophages
  3 ogres
  12 centaurs
  A phantom (D:5)
  8 bullfrogs
  An elf zombie (Ossuary)
  33 kobold brigands
  A gnoll sergeant (D:9)
  A scorpion (D:7)
  A wyvern zombie (D:8)
  A water moccasin skeleton (D:6)
  A water moccasin zombie (D:6)
  Dowan (D:7)
  5 killer bees
  7 wights (D:8)
  3 electric eels (D:10)
  7 howler monkeys
  5 lava snakes (Volcano)
  A bullfrog skeleton (D:3)
  4 centaur zombies
  2 hounds
  A centaur skeleton (D:6)
  2 human zombies (Ossuary)
  Crazy Yiuf (D:4)
  2 orc priests
  4 gnoll boudas
  7 jellies
  4 iguanas
  Terence (D:2)
  3 orc wizards
  2 hound zombies (Ossuary)
  4 mummies (Ossuary)
  37 gnolls
  3 adders
  2 river rats (D:11)
  A shadow imp (D:5)
  A white imp (D:8)
  An ufetubus (D:6)
  3 worms
  3 dart slugs
  12 orcs
  8 ball pythons
  10 endoplasms
  2 giant cockroaches
  6 goblins
  9 hobgoblins
  3 quokkas
  2 bats (D:1)
  3 frilled lizards
  A hobgoblin zombie (Ossuary)
  4 jackal zombies (Ossuary)
  66 kobolds
  A kobold zombie (Ossuary)
  2 rats
  A rat zombie (Ossuary)
465 creatures vanquished.

Vanquished Creatures (others)
  2 orcs
  22 fungi
  49 plants
  10 toadstools (D:5)
83 creatures vanquished.

Grand Total: 548 creatures vanquished

Notes
Turn   | Place    | Note
-------+----------+-------------------------------------------
     0 | D:1      | Persimmons the Formicid Cinder Acolyte began the quest for
                  | the Orb.
     0 | D:1      | Reached XP level 1. HP: 18/18 MP: 2/2
   452 | D:1      | Reached XP level 2. HP: 16/24 MP: 3/3
   456 | D:1      | Reached skill level 1 in Dodging
   614 | D:1      | Learned a level 2 spell: Scorch
   973 | D:1      | Reached XP level 3. HP: 24/30 MP: 1/4
  1563 | D:2      | Noticed Terence
  2071 | D:2      | Found a faded altar of an unknown god.
  2218 | D:3      | Reached skill level 1 in Staves
  2455 | D:3      | Reached skill level 1 in Shields
  2455 | D:3      | Reached XP level 4. HP: 14/37 MP: 0/6
  2918 | D:3      | Reached XP level 5. HP: 23/42 MP: 2/7
  3294 | D:3      | Reached skill level 2 in Staves
  3812 | D:4      | Identified a scroll of acquirement
  3812 | D:4      | Acquired a +2 lajatang of speed
  4042 | D:4      | Found a runed translucent door.
  4043 | D:4      | Noticed Crazy Yiuf
  4106 | D:4      | Found a snail-covered altar of Cheibriados.
  4106 | D:4      | Found a stormy altar of Qazlal.
  4107 | D:4      | Found an opulent altar of Gozag.
  4133 | D:4      | Reached XP level 6. HP: 48/48 MP: 4/9
  4180 | D:4      | Identified the +0 ring mail of Difemoer {Dex+4}
  4208 | D:4      | Found a sand-covered staircase.
  4215 | Ossuary  | Entered an ossuary
  4253 | Ossuary  | Reached skill level 3 in Staves
  4306 | Ossuary  | Reached skill level 1 in Armour
  4453 | Ossuary  | Reached skill level 4 in Staves
  4453 | Ossuary  | Reached XP level 7. HP: 29/55 MP: 0/10
  4827 | D:2      | Killed Terence
  4922 | D:2      | Noticed Sigmund
  4955 | D:2      | Killed Sigmund
  4956 | D:2      | Reached skill level 5 in Staves
  5492 | D:4      | Reached skill level 1 in Stealth
  5529 | D:4      | Reached XP level 8. HP: 61/61 MP: 11/11
  5636 | D:4      | Reached skill level 6 in Staves
  5644 | D:4      | Noticed Grinder
  5648 | D:4      | Killed Grinder
  5649 | D:4      | Reached skill level 7 in Staves
  6806 | D:4      | Killed Crazy Yiuf
  6882 | D:5      | Entered Level 5 of the Dungeon
  6967 | D:5      | Reached skill level 8 in Staves
  6985 | D:5      | Reached XP level 9. HP: 60/67 MP: 7/12
  7067 | D:5      | Found Juonouph's Antique Armour Shop.
  7086 | D:5      | Reached skill level 5 in Fighting
  7151 | D:5      | Reached skill level 9 in Staves
  7211 | D:5      | Found a staircase to the Ecumenical Temple.
  7236 | D:5      | Identified the ring "Vire" {rF+ Will+ rCorr Str+2 Stlth-}
  7373 | D:5      | Found Gaenn's Magic Scroll Shop.
  7376 | D:5      | Bought a scroll of fear for 35 gold pieces
  7376 | D:5      | Bought a scroll of summoning for 95 gold pieces
  7400 | D:5      | Bought a scroll of identify for 20 gold pieces
  7433 | D:5      | Found Avahiawn's General Store.
  7810 | D:5      | Noticed a slime creature
  7820 | D:5      | Killed a slime creature
  7823 | D:5      | Noticed a slime creature
  7829 | D:5      | Killed a slime creature
  7830 | D:5      | Reached skill level 10 in Staves
  8063 | D:6      | Reached XP level 10. HP: 76/76 MP: 7/14
  8124 | D:6      | Learned a level 1 spell: Animate Skeleton
  8363 | D:6      | Found a sacrificial altar of Ru.
  8861 | D:7      | Reached skill level 11 in Staves
  8875 | D:7      | Reached skill level 1 in Necromancy
  8884 | D:7      | Noticed Maggie
  8905 | D:7      | Killed Maggie
  9008 | D:7      | Found Ojavoda's Antique Armour Shop.
  9130 | D:7      | Bought a glowing buckler for 210 gold pieces
  9280 | D:7      | Noticed Dowan
  9281 | D:7      | Noticed Duvessa
  9287 | D:7      | Killed Dowan
  9292 | D:7      | Killed Duvessa
  9451 | D:7      | Found Weoneschae's Book Shoppe.
  9777 | D:7      | Noticed a gargoyle
  9786 | D:7      | Killed a gargoyle
  9867 | D:7      | Noticed Joseph
  9885 | D:7      | Killed Joseph
  9886 | D:7      | Reached skill level 12 in Staves
 10003 | D:7      | Found a hazy altar of Hepliaklqana.
 10270 | D:8      | Noticed a tengu warrior
 10296 | D:7      | Killed a tengu warrior
 10297 | D:7      | Reached XP level 11. HP: 22/85 MP: 10/15
 10569 | D:8      | Noticed a centaur warrior
 10588 | D:8      | Killed a centaur warrior
 10853 | D:8      | Reached skill level 13 in Staves
 10860 | D:8      | Found a sparkling altar of Nemelex Xobeh.
 10921 | D:8      | Noticed a centaur warrior
 10929 | D:8      | Killed a centaur warrior
 10969 | D:8      | Noticed a tengu warrior
 10995 | D:8      | Killed a tengu warrior
 11389 | D:8      | Noticed a cyclops
 11397 | D:8      | Killed a cyclops
 12075 | D:9      | Reached skill level 1 in Evocations
 12098 | D:9      | Reached XP level 12. HP: 83/95 MP: 16/16
 12182 | D:9      | Noticed Erolcha
 12194 | D:9      | Killed Erolcha
 12253 | D:9      | Learned a level 1 spell: Summon Small Mammal
 12407 | D:9      | Found a shadowy altar of Dithmenos.
 12784 | D:9      | Found a staircase to the Orcish Mines.
 12788 | D:9      | Reached skill level 5 in Armour
 12789 | D:9      | Reached skill level 10 in Fighting
 12797 | D:9      | Reached skill level 1 in Summonings
 13023 | D:10     | Entered Level 10 of the Dungeon
 13050 | D:10     | Reached skill level 1 in Crossbows
 13150 | D:10     | Found a blossoming altar of Fedhas.
 13201 | D:10     | Noticed a two-headed ogre
 13236 | D:10     | Noticed a sun demon
 13329 | D:9      | Killed a two-headed ogre
 14334 | D:10     | Found a basalt altar of Yredelemnul.
 15033 | D:10     | Reached XP level 13. HP: 107/107 MP: 19/19
 15176 | D:11     | Reached skill level 1 in Throwing
 15486 | D:11     | Found a staircase to the Lair.
 15967 | D:11     | Found a portal to a secret trove of treasure.
 16071 | Lair:1   | Entered Level 1 of the Lair of Beasts
 16220 | Lair:1   | Reached skill level 5 in Dodging
 16220 | Lair:1   | Reached skill level 5 in Spellcasting
 16331 | Lair:1   | Noticed Sonja
 16358 | Lair:1   | Killed Sonja
 17004 | Lair:2   | Found a hole to the Spider Nest.
 17177 | Lair:2   | Acquired a manual of Staves
 17411 | Lair:2   | You fall into a shaft and drop 2 floors!
 17427 | Lair:4   | Noticed Josephine
 17966 | Lair:2   | Reached skill level 14 in Staves
 18532 | Lair:3   | Reached skill level 5 in Evocations
 18549 | Lair:3   | Reached XP level 14. HP: 103/118 MP: 18/22
 18737 | Lair:3   | Found a staircase to the Swamp.
 19472 | Lair:3   | Reached skill level 5 in Stealth
 19951 | Lair:4   | Killed Josephine
 20040 | Lair:4   | Noticed Nergalle
 20064 | Lair:4   | Killed Nergalle
 20793 | Lair:5   | Found a dark tunnel.
 20819 | Volcano  | Entered a volcano
 21067 | Volcano  | Found a burning altar of Makhleb.
 21487 | Lair:4   | Upgraded the game from 0.28-a0-514-g0d7ab7f379 to
                  | 0.29-a0-902-g0f71de6fce
 21754 | Lair:4   | HP: 3/118 [blink frog (4)]
 21758 | Lair:4   | Slain by a blink frog

Illustrated notes

Levels and vault maps discovered:
D:1:      wander_arrival_estate, layout_basic, lemuel_old_faithful
D:2:      layout_loops_ring, shapermc_ecumenical_altar_venn, uniq_sigmund,
          uniq_terence
D:3:      layout_loops_ring, eino_tiny_chamber, minmay_misc_feat_rugged
D:4:      minmay_goblin_kobold_castle, layout_loops_ring,
          gammafunk_temple_overflow_claw, nicolae_ossuary_entry_monument,
          abandoned_shop, uniq_grinder, uniq_crazy_yiuf_cottage
D:5:      cheibrodos_fertilizer, layout_rooms, minmay_temple_entry_grid,
          serial_shops, shop, kennysheep_mini, nicolae_shop_window_shopping
D:6:      layout_basic, nicolae_ru_awakened_eye, st_stairs_13
D:7:      layout_layer_cave, nzn_hepliaklqana_mist_gate, serial_shops,
          nicolae_shop_crystal, kennysheep_windowed_goal, uniq_maggie,
          uniq_joseph, uniq_duvessa
D:8:      minmay_the_grid_octo_triangle [minmay_the_grid_octo_concentric,
          minmay_the_grid_octo_prize_ultimate_mussel_roller,
          minmay_the_grid_octo_vomiting_pacman], layout_gridville,
          amcnicky_altar_gilded
D:9:      layout_roguey, nicolae_dithmenos_shadow_blocks,
          kennysheep_orc_monster_closet_entryway, uniq_erolcha
D:10:     layout_roguey [special_room_kobold], fedhas_bush_and_centaur_altar,
          lemuel_coloured_pillars_altar, serial_bayou, serial_bayou_pond_d,
          serial_bayou_ford_a, serial_bayou_pond_e, serial_bayou_shore_a,
          serial_bayou_pond_b
D:11:     layout_cave_pools, dpeg_lair_monsters, nicolae_trove_entry_crystal
Lair:1:   layout_misc_corridors, grunt_megastairs_4, uniq_sonja
Lair:2:   layout_gridlike, dummy_spider_entry, cheibrodos_lair_caveside_slide,
          infiniplex_staircase_pool_2
Lair:3:   beast_lair_carwin_large_2, layout_layer_cave,
          minmay_swamp_entry_reptiles, chequers_serial_rivers_small_a
Lair:4:   layout_cave_pods, st_stairs_11, uniq_nergalle, uniq_josephine
Lair:5:   layout_roguey, slime_altar_1, nicolae_volcano_entry_lava_flow,
          patterned_corridor

Skill      XL: |  1  2  3  4  5  6  7  8  9 10 11 12 13 14 |
---------------+-------------------------------------------+-----
Dodging        | 1 2 3 4 5 |  5.9
Staves         | 1 2 4 5 8 10 12 13 14 | 14.9
Shields        | 1 2 3 4 |  4.3
Fighting       | 4 6 7 9 11 13 | 13.5
Spellcasting   | 2 3 4 5 |  5.9
Armour         | 1 2 3 4 5 6 7 |  7.5
Stealth        | 1 2 3 4 6 |  6.0
Necromancy     | 2 |  2.0
Evocations     | 1 3 5 6 |  6.1
Summonings     | 1 2 |  2.8
Crossbows      | 2 3 6 |  0.0
Throwing       | 2 |  2.5
Ranged Weapons | 4 |  4.4
Polearms       | |  3.3
Fire Magic     | |  3.3

Action                   |  1- 3 |  4- 6 |  7- 9 | 10-12 | 13-15 || total
-------------------------+-------+-------+-------+-------+-------++-------
Melee: Spear             |    17 |       |       |       |       ||    17
       Quarterstaff      |   100 |    36 |       |       |       ||   136
       Lajatang          |       |    61 |   286 |   633 |   569 ||  1549
       Glaive            |       |       |       |       |     6 ||     6
 Fire: Hand crossbow     |       |       |       |       |     3 ||     3
Throw: Dart              |       |       |       |     3 |    19 ||    22
 Cast: Scorch            |    10 |    25 |    26 |    33 |     5 ||    99
       Animate Skeleton  |       |       |       |       |     1 ||     1
 Abil: Dig               |     2 |       |       |       |       ||     2
Evoke: Lightning rod     |       |       |       |     4 |       ||     4
       Wand              |       |       |       |     1 |       ||     1
  Use: Scroll            |       |    11 |     8 |     4 |     2 ||    25
       Potion            |       |       |       |       |     1 ||     1
Armor: Robe              |    29 |     3 |       |       |       ||    32
       Leather armour    |       |     2 |       |       |       ||     2
       Ring mail         |       |    29 |    70 |    18 |   159 ||   276
       Steam dragon scal |       |       |       |    96 |       ||    96
Dodge: Dodged            |    80 |    51 |   108 |   275 |   345 ||   859
Block: Buckler           |       |    17 |    57 |    98 |   118 ||   290

Table legend: (Time is in decaauts)
 A = Elapsed time spent in this place.
 B = Non-inter-level travel time spent in this place.
 C = Inter-level travel time spent in this place.
 D = Time resting spent in this place.
 E = Time spent auto-exploring this place.
 F = Levels seen in this place.
 G = Mean time per level.
                   A        B        C        D        E       F      G
               +--------+--------+--------+--------+--------+-----+--------+
         Total |  21107 |  20311 |    796 |   2785 |  12575 |  18 | 1172.6 |
       Dungeon |  15149 |  14490 |    659 |   2387 |   8865 |  11 | 1377.2 |
          Lair |   4945 |   4808 |    137 |    249 |   3580 |   5 |  989.0 |
       Ossuary |    527 |    527 |      0 |     98 |    105 |   1 |  527.0 |
       Volcano |    484 |    484 |      0 |     51 |     25 |   1 |  484.0 |
               +--------+--------+--------+--------+--------+-----+--------+

Top non-repeatable levels by time:
     D:4: 2201 daAuts
     D:7: 1946 daAuts
    D:10: 1708 daAuts
     D:3: 1689 daAuts
  Lair:3: 1667 daAuts
     D:1: 1644 daAuts
     D:9: 1428 daAuts
  Lair:4: 1321 daAuts
     D:8: 1103 daAuts
  Lair:2: 1082 daAuts
     D:2: 975 daAuts
     D:5: 932 daAuts
    D:11: 816 daAuts
  Lair:1: 800 daAuts
     D:6: 703 daAuts
